Map: Automaton LE

Players

MarineLorD

  • Race: Terran Terran
  • League: Grandmaster
  • Spawn Location: 9:00

Lambo - Winner!

  • Race: Zerg Zerg
  • League: Grandmaster
  • Spawn Location: 3:00

VOD

Have the link to the VOD?

Description

Time

  • Played on: Dec. 2, 2018, 3:02 p.m.
  • Length: 9:56
Show
View Real Time Build Order
Export as new Build Order

MarineLorD Terran 

Build Orders: Reaper Expand 

Get SALT Encoding   

  12  0:00  SCV  
  13  0:12  SCV  
  14  0:18  Supply Depot  
  14  0:24  SCV  
  15  0:39  SCV  
  15  0:40  Barracks  
  16  0:44  Refinery  
  16  0:51  SCV  
  17  1:04  SCV  
  18  1:16  SCV  
  19  1:27  Reaper  
  19  1:28  Orbital Command  
  20  1:42  Command Center  
  20  1:52  Supply Depot  
  20  1:53  SCV  
  21  1:59  Marine  
  22  2:05  SCV  
  23  2:16  Factory  
  23  2:17  SCV  
  23  2:20  Refinery  
  23  2:22  Barracks Reactor  
  24  2:29  SCV  
  25  2:42  SCV  
  26  2:54  Orbital Command, SCV  
  27  3:03  Starport  
  27  3:05  Barracks Tech Lab  
  27  3:06  SCV  
  27  3:07  Hellion x2  
  32  3:18  SCV  
  32  3:19  Supply Depot  
  33  3:21  SCV  
  33  3:24  Marine  
  35  3:28  Hellion x2  
  35  3:30  SCV  
  40  3:40  Viking  
  42  3:42  SCV x2  
  42  3:43  Supply Depot  
  44  3:53  Fusion Core  
  44  3:54  SCV x2  
  46  3:57  Marine  
  47  4:04  Hellion x2  
  47  4:06  SCV x2  
  54  4:18  SCV x2  
  55  4:24  Barracks Tech Lab  
  55  4:30  SCV  
  55  4:31  SCV  
  57  4:40  Command Center  
  57  4:41  Supply Depot  
  57  4:46  SCV x2  
  57  4:52  Marine  
  57  4:58  SCV  
  59  5:00  SCV  
  59  5:02  Battlecruiser  
  59  5:04  Supply Depot  
  66  5:08  Stimpack  
  66  5:10  Marine  
  66  5:13  Refinery  
  66  5:14  Refinery, SCV  
  68  5:15  Barracks x2, SCV  
  68  5:18  Factory Reactor  
  69  5:26  SCV  
  69  5:27  SCV  
  69  5:28  Marine  
  72  5:38  Engineering Bay, SCV  
  72  5:41  Engineering Bay  
  72  5:42  SCV  
  73  5:46  Marine  
  74  5:50  SCV  
  74  5:51  Weapon Refit  
  74  5:54  Orbital Command  
  75  5:58  SCV  
  75  5:59  Barracks  
  75  6:00  Barracks  
  75  6:04  Marine  
  77  6:06  SCV  
  77  6:08  Battlecruiser  
  77  6:11  SCV  
  83  6:15  Marine x2  
  83  6:17  Orbital Command  
  83  6:18  Factory Reactor, SCV  
  86  6:23  SCV  
  86  6:25  Marine  
  88  6:27  Supply Depot  
  88  6:28  Supply Depot, Marine x2  
  88  6:31  Terran Infantry Armor Level 1, Terran Infantry Weapons Level 1  
  91  6:32  SCV  
  91  6:35  Marine  
  91  6:36  SCV  
  91  6:40  Marine  
  91  6:42  Marine  
  93  6:47  Supply Depot  
  93  6:48  Marine x2, SCV  
  93  6:54  Barracks Reactor x2  
  96  6:55  Widow Mine x2  
  96  7:00  SCV x2  
  102  7:03  SCV  
  102  7:04  Marine x2  
  105  7:08  Refinery  
  105  7:09  Marine x2  
  105  7:12  SCV  
  105  7:13  SCV  
  109  7:23  Armory  
  109  7:25  Supply Depot  
  109  7:26  Factory  
  109  7:27  Supply Depot  
  109  7:28  Supply Depot, Marine x2  
  109  7:29  Factory Reactor  
  111  7:31  Marine x2  
  111  7:35  Medivac  
  115  7:37  Medivac  
  117  7:46  Marine x3  
  117  7:47  Marine x2  
  117  7:48  Marine  
  117  7:49  Marine  
  117  7:51  Marine  
  124  7:57  Supply Depot  
  125  7:59  Supply Depot  
  125  8:01  Marine  
  125  8:04  Marine x3  
  125  8:05  Medivac, Marine x2  
  131  8:06  Marine  
  131  8:07  Marine  
  131  8:08  Widow Mine  
  131  8:09  Marine  
  131  8:11  Widow Mine  
  140  8:18  Marine  
  141  8:22  Marine x3  
  141  8:23  Marine x2  
  146  8:28  Drilling Claws, Widow Mine  
  146  8:29  Marine, Widow Mine  
  146  8:31  Marine  
  146  8:32  Marine  
  146  8:33  Widow Mine  
  155  8:34  Medivac  
  155  8:35  Combat Shield  
  157  8:43  Marine  
  157  8:45  Marine  
  143  8:50  Marine  
  143  8:51  Marine x6  
  150  9:00  Marine  
  136  9:08  Marine x3  
  126  9:12  Marine  
  126  9:14  SCV  
  116  9:17  SCV x2  
  116  9:18  Marine x2  
  116  9:21  Marine  
  116  9:24  Widow Mine x2  
  115  9:27  SCV  
  115  9:29  SCV  
  115  9:30  Marine, SCV  
Show
View Real Time Build Order
Export as new Build Order

Lambo Zerg - Winner!

Build Orders: Hatch First 

Get SALT Encoding   

  12  0:01  Drone  
  13  0:12  Overlord  
  13  0:18  Drone  
  14  0:31  Drone x2  
  16  0:50  Hatchery  
  16  0:52  Drone  
  16  0:57  Drone  
  17  0:59  Drone  
  18  1:11  Extractor  
  18  1:14  Spawning Pool  
  18  1:18  Drone  
  17  1:21  Drone  
  18  1:28  Drone  
  19  1:39  Drone  
  20  2:00  Overlord  
  20  2:02  Queen x2, Zergling x4  
  26  2:13  Metabolic Boost  
  26  2:14  Drone  
  26  2:15  Drone  
  28  2:25  Drone x2  
  30  2:40  Hatchery  
  30  2:44  Drone  
  30  2:49  Pneumatized Carapace  
  30  2:51  Drone  
  30  2:56  Drone  
  32  2:58  Overlord  
  32  3:02  Drone  
  33  3:07  Drone x2  
  35  3:13  Drone  
  35  3:18  Drone x2  
  35  3:19  Queen  
  40  3:24  Overlord  
  40  3:27  Drone x2  
  42  3:38  Drone x2  
  44  3:43  Queen  
  44  3:45  Drone  
  47  3:50  Zergling x10  
  47  3:54  Overlord  
  52  4:01  Queen  
  54  4:03  Overlord  
  54  4:07  Drone x2  
  54  4:08  Spore Crawler  
  55  4:17  Drone x4  
  55  4:19  Overlord  
  55  4:22  Drone x2  
  61  4:28  Queen, Drone  
  64  4:32  Overlord  
  64  4:35  Drone  
  64  4:36  Evolution Chamber x2  
  64  4:37  Drone  
  64  4:41  Drone x3  
  64  4:45  Queen  
  69  4:47  Drone  
  69  4:50  Drone x2  
  69  4:52  Drone x2  
  74  4:54  Drone  
  74  4:58  Drone x2  
  74  4:59  Spore Crawler  
  76  5:02  Zerg Melee Weapons Level 1  
  76  5:06  Queen  
  76  5:09  Zerg Ground Armor Level 1  
  76  5:12  Extractor  
  76  5:13  Extractor, Drone x2  
  76  5:14  Drone  
  79  5:22  Drone x3  
  79  5:25  Extractor  
  81  5:32  Overlord  
  81  5:34  Overlord  
  81  5:36  Hatchery, Drone x2, Overlord  
  81  5:37  Overlord  
  81  5:40  Lair, Extractor  
  81  5:43  Drone  
  81  5:45  Overlord  
  81  5:49  Overlord  
  82  5:50  Extractor  
  82  5:52  Overlord  
  82  5:53  Drone x4  
  86  5:57  Zergling x4  
  86  5:58  Baneling Nest  
  86  6:00  Drone  
  86  6:01  Drone x2  
  86  6:04  Drone  
  90  6:06  Drone  
  90  6:10  Drone  
  92  6:14  Drone x3  
  92  6:18  Zergling x4  
  97  6:23  Drone x2  
  99  6:26  Zergling x12  
  99  6:30  Zergling x2  
  106  6:42  Queen  
  106  6:43  Queen  
  106  6:44  Centrifical Hooks  
  106  6:46  Hydralisk Den  
  107  6:52  Overlord  
  107  6:54  Overlord  
  105  6:55  Queen, Overlord  
  105  6:59  Zerg Melee Weapons Level 2  
  105  7:00  Drone x12  
  119  7:04  Baneling x8  
  119  7:08  Zerg Ground Armor Level 2  
  119  7:15  Overlord  
  119  7:16  Zergling x8  
  119  7:17  Zergling x4  
  119  7:19  Grooved Spines  
  119  7:22  Drone  
  126  7:25  Infestation Pit  
  125  7:30  Spore Crawler  
  125  7:33  Hydralisk x4  
  125  7:36  Queen x2  
  134  7:43  Hydralisk x2  
  134  7:44  Hydralisk  
  137  7:46  Hydralisk x2  
  137  7:48  Overseer  
  141  7:52  Hydralisk x3  
  141  7:58  Hydralisk x3  
  141  8:03  Hydralisk x3  
  143  8:14  Zergling x2  
  143  8:15  Zergling x22  
  143  8:16  Baneling x3  
  154  8:20  Baneling  
  154  8:26  Zergling x8  
  158  8:30  Zergling x6  
  158  8:32  Muscular Augments  
  161  8:34  Queen  
  161  8:36  Zergling x10  
  161  8:37  Zergling x2  
  161  8:38  Baneling x5  
  161  8:40  Zergling x2  
  170  8:43  Zergling x2  
  163  8:52  Hydralisk x5  
  163  8:53  Zergling x2  
  168  8:59  Zergling x6  
  163  9:03  Hydralisk  
  164  9:11  Zergling x2  
  164  9:12  Zergling x4  
  164  9:15  Hydralisk  
  166  9:22  Baneling x10  
  161  9:26  Zergling x12  
  161  9:29  Overlord  
  161  9:30  Zergling x4  
  166  9:34  Zergling x4  
Tags
 
Add a new tag
Caveats
  • Supply blocks, unpowered buildings, or Contaminate may cause inaccurate times.
  • Supply counts are checked every 10 seconds.